 Dungeon Sprint DCSS version 0.28.0-45-g0d030f2227 (webtiles) character file.

Game seed: 7844497334488100876

318 Zeld the Cleaver (level 6, -11/99 HPs)
             Began as a Minotaur Berserker on Apr 20, 2022.
             Was an Elder of Trog.
             Mangled by a vampire knight
             ... wielding a +0 great sword
              (22 damage)
             ... in the Dungeon (Sprint VII: "The Pits").
             The game lasted 00:01:25 (1022 turns).

Zeld the Cleaver (Minotaur Berserker)               Turns: 1022, Time: 00:01:26

Health: -11/99     AC:  2    Str: 23    XL:     6   Next: 21%
Magic:  5/5        EV: 10    Int:  4    God:    Trog [****..]
Gold:   0          SH:  0    Dex: 10    Spells: 5/5 levels left

rFire   . . .      SeeInvis .   a - +2 hand axe
rCold   . . .      Faith    .   (no shield)
rNeg    . . .      Spirit   .   b - +0 animal skin
rPois   .          Reflect  .   (helmet restricted)
rElec   .          Harm     .   (no cloak)
rCorr   .          Rampage  .   (no gloves)
Will    .....      NoTele   +   (no boots)
Stlth   ..........              (no amulet)
HPRegen 0.26/turn               (no ring)
MPRegen 0.09/turn               (no ring)

@: berserking, constricted, very quick
A: horns 2, retaliatory headbutt
a: Renounce Religion, Berserk, Trog's Hand, Brothers in Arms


You were in the Dungeon.
You worshipped Trog.
Trog was greatly pleased with you.
You visited 1 branch

Inventory:

Hand Weapons
 a - a +2 hand axe (weapon)
Armour
 b - a +0 animal skin (worn)
Potions
 c - 6 potions of curing
 d - 6 potions of heal wounds
 e - a potion of haste
 f - 4 potions of magic
 g - 3 potions of berserk rage
 i - 2 potions of invisibility


   Skills:
 * Level 9.8 Fighting
 * Level 9.9 Axes
 + Level 6.8 Armour
 + Level 6.1 Dodging


You had 5 spell levels left.
You didn't know any spells.
Your spell library was empty.

Dungeon Overview and Level Annotations

Branches:
Dungeon (1/1)

Altars:
Ashenzari
Cheibriados
Dithmenos
Elyvilon
Fedhas
Gozag
Hepliaklqana
Kikubaaqudgha
Makhleb
Nemelex Xobeh
Okawaru
Qazlal
Ru
Sif Muna
Trog
Uskayaw
Vehumet
Wu Jian
Xom
Yredelemnul
Zin
The Shining One
Beogh
Jiyva
Lugonu


Innate Abilities, Weirdness & Mutations

You have a pair of horns on your head.
You reflexively headbutt those who attack you in melee.


Message History

You see here a +1 hand axe of freezing.
You see here a +1 dagger of draining.
You see here a +2 long sword of holy wrath.
You see here a +3 chain mail.
You see here a +3 chain mail.
Key pressed, stopping explore.
HP restored.
You see here a +2 long sword of holy wrath.
You see here a +1 dagger of draining.
You see here a +1 hand axe of freezing.
There is an open door here.
There is an open door, spattered with blood here.
Things that are here:
a +0 club; a +0 chain mail
There is an open door here.
You see here a quokka skeleton.
There is an open door here.
There is an open door to the Storerooms (Easy) here.
You open the huge gate.
There is a huge open gate to the Metal Vault (Medium) here.
There is a huge open gate to the Metal Vault (Medium) here.
You open the gate.
A vampire knight, a ball python and a cyclops come into view.
The vampire knight shouts!
The cyclops shouts!
The cyclops throws a large rock.
The large rock hits you!!
There are monsters nearby!
The cyclops throws a large rock.
The large rock hits you!!!
Ouch! That really hurt!
* * * LOW HITPOINT WARNING * * *
You start resting.
There are monsters nearby!
There are monsters nearby!
The ball python barely misses you. You furiously retaliate!
You headbutt the ball python. The ball python closely misses you.
A red film seems to cover your vision as you go berserk!
You feel yourself moving faster!
You feel mighty! The ball python bites you.
* * * LOW HITPOINT WARNING * * *
The ball python grabs you. The ball python constricts you.
The vampire knight hits you with a +0 great sword!!
You die...

'#####......#..#......#
.#[[##................#
.#))#####'#####''######
.#))##.......##''#
##))##.......##..#
.#..##.......##..#
.#'###...<...##..# #
....##.......##..# .###
....##.......##.@#....##
######.......##.VS.....#
## ##########..'C....+
.# #..'.....# ##
#..#....## .#+#
#..#..### ##.+ #..####
.#'# #..# .')# #..#


You could see a vampire knight, a cyclops and a ball python.

Vanquished Creatures
  A floating eye (D)
  A kobold brigand (D)
  A gnoll sergeant (D)
  A scorpion (D)
  A river rat (D)
  An ufetubus (D)
  An adder zombie (D)
  A worm (D)
  2 orcs (D)
  2 endoplasms (D)
  A quokka (D)
  A giant cockroach zombie (D)
  A kobold (D)
  A rat (D)
16 creatures vanquished.

Notes
Turn   | Place    | Note
-------+----------+-------------------------------------------
     0 | D        | Zeld the Minotaur Berserker began the quest for the Orb.
     0 | D        | Reached XP level 1. HP: 19/19 MP: 0/0
    18 | D        | Found a bloodstained altar of Trog.
    18 | D        | Found a shimmering blue altar of Sif Muna.
    18 | D        | Found a viscous altar of Jiyva.
    18 | D        | Found a hazy altar of Hepliaklqana.
    18 | D        | Found an opulent altar of Gozag.
    19 | D        | Found a glowing golden altar of the Shining One.
    19 | D        | Found a glowing silver altar of Zin.
    19 | D        | Found a basalt altar of Yredelemnul.
    19 | D        | Found a shimmering altar of Xom.
    19 | D        | Found an ornate altar of the Wu Jian Council.
    19 | D        | Found a sacrificial altar of Ru.
    19 | D        | Found a stormy altar of Qazlal.
    19 | D        | Found an iron altar of Okawaru.
    19 | D        | Found a sparkling altar of Nemelex Xobeh.
    19 | D        | Found a burning altar of Makhleb.
    19 | D        | Found a blossoming altar of Fedhas.
    19 | D        | Found a white marble altar of Elyvilon.
    19 | D        | Found a shadowy altar of Dithmenos.
    19 | D        | Found a snail-covered altar of Cheibriados.
    20 | D        | Found a radiant altar of Vehumet.
    20 | D        | Found a corrupted altar of Lugonu.
    22 | D        | Found an ancient bone altar of Kikubaaqudgha.
    22 | D        | Found a hide-covered altar of Uskayaw.
    22 | D        | Found a broken altar of Ashenzari.
    71 | D        | Noticed a kobold brigand
    81 | D        | Killed a kobold brigand
    82 | D        | Reached XP level 2. HP: 13/31 MP: 1/1
    82 | D        | Reached XP level 3. HP: 16/38 MP: 2/2
    82 | D        | Reached XP level 4. HP: 20/45 MP: 3/3
    82 | D        | Reached ** piety under Trog
    91 | D        | Reached *** piety under Trog
   280 | D        | Noticed a gnoll sergeant
   286 | D        | Killed a gnoll sergeant
   287 | D        | Reached skill level 5 in Armour
   287 | D        | Reached XP level 5. HP: 46/53 MP: 4/4
   406 | D        | Noticed a five-headed hydra
   696 | D        | Reached skill level 5 in Dodging
   697 | D        | Reached **** piety under Trog
   702 | D        | Noticed a floating eye
   704 | D        | Paralysed by a floating eye for 4 turns
   714 | D        | Killed a floating eye
   715 | D        | Reached XP level 6. HP: 24/66 MP: 5/5
  1014 | D        | Noticed a vampire knight
  1014 | D        | Noticed a cyclops
  1022 | D        | Mangled by a vampire knight

Illustrated notes

Levels and vault maps discovered:
D:        pitsprint [storerooms_1, entrance_room_1, metal_vault_1, armoury_1,
          mini_pit_1, grid_room_1, main_hall_1, silver_pit, the_coven_3,
          the_vestibule_1, steel_vault_4, golden_pit, hallway_of_sentries,
          crystal_vault_4, iron_vault_4, final_vault]

Skill      XL: |  1  2  3  4  5 |
---------------+----------------+-----
Fighting       | 6 7 9 |  9.8
Axes           | 6 7 9 |  9.9
Armour         | 4 5 6 |  6.8
Dodging        | 4 6 |  6.1

Action                   |  1- 3 |  4- 6 || total
-------------------------+-------+-------++-------
Melee: Hand axe          |     6 |    27 ||    33
       Headbutt          |     2 |     5 ||     7
Invok: Berserk           |       |     3 ||     3
  Use: Scroll            |       |     2 ||     2
Armor: Animal skin       |       |     2 ||     2
Dodge: Dodged            |     6 |    15 ||    21
